[Event "Titled Tuesday Blitz April 25 Late 2023"]
[White "Bryakin, Mikhail"]
[Black "Caruana, Fabiano"]
[WhiteFideId "4165314"]
[BlackFideId "2020009"]
[WhiteElo "2447"]
[BlackElo "2837"]
[Result "0-1"]
[Round "08"]
[TimeControl "180+2"]
[Date "2023.04.25"]
[WhiteClock "0:00:12"]
[BlackClock "0:01:23"]

1. Nf3 b5 2. a4 b4 3. g3 Bb7 4. Bg2 g6 5. O-O Bg7 6. d4 Nf6 7. c4 O-O 8. Nbd2 a5 9. b3 e6 10. Bb2 d6 11. Qc2 Nbd7 12. e4 c5 13. d5 e5 14. Ne1 Bc8 15. Nd3 h5 16. f4 h4 17. f5 hxg3 18. hxg3 Ng4 19. Rae1 Ndf6 20. Nf2 Nxf2 21. Rxf2 Ng4 22. Rff1 Qg5 23. Nf3 Qh5 24. Qd2 Bh6 25. Qe2 Be3+ 26. Qxe3 Nxe3 27. Rxe3 gxf5 28. exf5 Bxf5 29. Nxe5 Rae8 30. Ref3 Be4 31. Nd7 f5 32. Nf6+ Rxf6 33. Bxf6 Bxf3 34. Bxf3 Qg6 35. Bh4 Re3 36. Bg2 Rxb3 37. Bh3 Rxg3+ 38. Bxg3 Qxg3+ 39. Bg2 b3 40. Rb1 Qd3 0-1


[Site "https://www.chess.com"]

[Event "Titled Tuesday Blitz April 25 Late 2023"]
[White "Cheparinov, Ivan"]
[Black "Kollars, Dmitrij"]
[WhiteFideId "2905540"]
[BlackFideId "12909572"]
[WhiteElo "2613"]
[BlackElo "2584"]
[Result "1/2-1/2"]
[Round "08"]
[TimeControl "180+2"]
[Date "2023.04.25"]
[WhiteClock "0:00:04"]
[BlackClock "0:00:05"]

1. Nf3 d5 2. g3 g6 3. Bg2 Bg7 4. d4 Nf6 5. O-O O-O 6. c4 dxc4 7. Na3 a5 8. Nxc4 Be6 9. b3 a4 10. Bb2 Bd5 11. Ne3 Be4 12. bxa4 Nbd7 13. Bc3 Nb6 14. a5 Nbd5 15. Nxd5 Nxd5 16. Bd2 c5 17. dxc5 Bxa1 18. Qxa1 Nf6 19. Bc3 Ra6 20. Rd1 Qc7 21. Bb4 Rd8 22. a3 Rxd1+ 23. Qxd1 Ra8 24. Qb3 Bd5 25. Qc3 Bc6 26. Qe5 Qxe5 27. Nxe5 Bxg2 28. Kxg2 Kf8 29. c6 bxc6 30. Nxc6 Ke8 31. Bxe7 Rc8 32. Bxf6 Rxc6 33. Bd4 Rc4 34. e3 Ra4 35. Bb6 Kd7 36. h3 Ke6 37. g4 Rxa3 38. Kf3 Ra4 39. Kg3 Ke5 40. f3 Ra3 41. Bd4+ Ke6 42. Bb6 Ra4 43. Bc7 Kd7 44. Bb6 Kd6 45. e4 Ke6 46. Kf4 Ra3 47. h4 Ra1 48. Kg5 Ra4 49. Kh6 f5 50. Kxh7 fxg4 51. fxg4 Rxe4 52. h5 gxh5 53. gxh5 Ra4 54. Kg6 Rg4+ 55. Kh7 Ra4 56. Kg6 Rg4+ 57. Kh7 Kf7 58. a6 Ra4 59. a7 Ra6 60. Bd4 Ra4 61. h6 Ra5 62. Bb6 Ra6 63. Bd4 Ra5 64. Bb6 Ra4 65. Bd4 Ra3 66. Bb6 Ra6 67. Bd4 Ra5 1/2-1/2


[Site "https://www.chess.com"]

[Event "Titled Tuesday Blitz April 25 Late 2023"]
[White "Svane, Rasmus"]
[Black "Papasimakopoulos, Alexandros"]
[WhiteFideId "4657101"]
[BlackFideId "4244125"]
[WhiteElo "2597"]
[BlackElo "2359"]
[Result "1-0"]
[Round "08"]
[TimeControl "180+2"]
[Date "2023.04.25"]
[WhiteClock "0:00:03"]
[BlackClock "0:00:01"]

1. Nf3 f5 2. d3 Nc6 3. e4 e5 4. d4 fxe4 5. Nxe5 Nf6 6. Bc4 d5 7. Bb5 Bd7 8. c4 Nxe5 9. dxe5 Bxb5 10. cxb5 Bb4+ 11. Nc3 d4 12. exf6 dxc3 13. f7+ Kf8 14. Qb3 Bd6 15. bxc3 Qd7 16. Ba3 Bxa3 17. Qxa3+ Kxf7 18. Rd1 Qxb5 19. c4 Qc6 20. O-O Rhe8 21. Rd4 Kg8 22. Rfd1 a6 23. Rd7 e3 24. fxe3 Re6 25. Qb2 Rf6 26. Qe5 Raf8 27. Qxc7 Qxc7 28. Rxc7 b6 29. h3 Rg6 30. Rb7 h6 31. a4 Rg3 32. Rd3 Rg6 33. Rd4 Re8 34. Kf2 Rf6+ 35. Rf4 Rfe6 36. Rg4 Rf6+ 37. Ke2 g5 38. h4 Rfe6 39. hxg5 Rxe3+ 40. Kf2 h5 41. Rh4 Re2+ 42. Kg3 R2e3+ 43. Kh2 R3e7 44. Rxb6 Re6 45. Rxe6 Rxe6 46. Rxh5 Re5 47. Rh6 Ra5 48. Kg3 Rxa4 49. c5 Rc4 50. c6 a5 51. Rd6 a4 52. Kh3 a3 53. Rd8+ Kg7 54. Ra8 Rxc6 55. Rxa3 Rc4 56. Ra6 Rb4 57. g3 Rc4 58. Rd6 Rb4 59. Rc6 Ra4 60. Rb6 Rc4 61. Rf6 Rd4 62. Rf4 Rd5 63. Kg4 Rc5 64. Re4 Rb5 65. Kh5 Rb7 66. Re6 Rc7 67. Rg6+ Kh7 68. Rh6+ Kg7 69. Rd6 Rb7 70. Re6 Rc7 71. Kg4 Rc4+ 72. Kf5 Rc5+ 73. Re5 Rc7 74. g6 Rb7 75. Kg5 Ra7 76. Rf5 Kg8 77. Kh6 Ra1 78. Re5 Rh1+ 79. Kg5 Rg1 80. Re3 Rg2 81. Rd3 Rg1 82. Rc3 Rg2 83. Rf3 Rg1 84. Kf6 Rg2 85. Kf5 Rg1 86. Kg4 Kg7 87. Kh5 Rh1+ 88. Kg5 Rg1 89. g4 Rg2 90. Rf7+ Kg8 91. Rd7 Rg1 92. Rd3 Rg2 93. Rf3 Kg7 94. Rf7+ Kg8 95. Re7 Rg1 96. Re5 Kg7 97. Rc5 Kg8 98. Rb5 Kg7 99. Ra5 Kg8 100. Kf6 Rf1+ 101. Rf5 Rg1 102. Rf4 Rg2 103. Kg5 Kg7 104. Re4 Rg1 105. Rc4 Rg2 106. Rc7+ Kg8 107. g7 Rg1 108. Kh5 Rg2 109. Rd7 Rg1 110. Kg5 Rg2 111. Kf5 Rg1 112. g5 Rg2 113. Kg6 1-0


[Site "https://www.chess.com"]

[Event "Titled Tuesday Blitz April 25 Late 2023"]
[White "Sviridov, Valery"]
[Black "Svane, Frederik"]
[WhiteFideId "4120680"]
[BlackFideId "12923044"]
[WhiteElo "2457"]
[BlackElo "2502"]
[Result "1-0"]
[Round "08"]
[TimeControl "180+2"]
[Date "2023.04.25"]
[WhiteClock "0:00:13"]
[BlackClock "0:00:04"]

1. g3 Nf6 2. Bg2 g6 3. Nf3 Bg7 4. O-O O-O 5. c4 c5 6. Nc3 Nc6 7. d4 d6 8. dxc5 dxc5 9. Be3 Be6 10. Qa4 Qa5 11. Qb5 Qb4 12. Bxc5 Qxc4 13. Qxc4 Bxc4 14. Nd2 Ba6 15. Bxc6 bxc6 16. Rfc1 Rfd8 17. Nb3 Nd5 18. Kf1 Nxc3 19. bxc3 Bf6 20. Ke1 Rd5 21. Bd4 e5 22. Be3 Be7 23. c4 Bb4+ 24. Kf1 Rdd8 25. Bc5 Bd2 26. Rc2 Bg5 27. Be3 Bxe3 28. fxe3 Rab8 29. Nc5 Bc8 30. Ke1 Bf5 31. e4 Bg4 32. Nd3 f6 33. Rac1 Kf7 34. Rc3 Ke7 35. Rb3 Rb6 36. Kd2 Rdb8 37. Rcc3 Kd8 38. Nc5 Kc7 39. Rd3 Rxb3 40. axb3 Rh8 41. Ke3 h5 42. h4 Bc8 43. Rd2 Rh7 44. Ra2 Kb6 45. Na4+ Kc7 46. Nc5 Kb6 47. Na4+ Ka5 48. Rd2 Kb4 49. Rd6 Kxb3 50. Nc5+ Kxc4 51. Rxc6 Bg4 52. Nd3+ Kb5 53. Rxf6 a5 54. Rf8 Ra7 55. Rb8+ Kc6 56. Nxe5+ Kc7 57. Rb3 Be6 58. Ra3 a4 59. Kd4 Bb3 60. Nxg6 Kc6 61. Nf4 Kb5 62. Nd5 Rg7 63. e5 Rxg3 64. e4 Rg6 65. Nf4 Rc6 66. e6 Kb4 67. Ra1 Bxe6 68. Nxe6 Rxe6 69. Kd5 Re8 70. e5 a3 71. e6 Kb3 72. Kd6 Kb2 73. Rh1 Rc8 74. e7 a2 75. Kd7 Rc1 76. Rxc1 Kxc1 77. e8=Q a1=Q 78. Qxh5 Qd4+ 79. Ke6 Qe4+ 80. Kf6 Qf4+ 81. Kg6 Qd6+ 82. Kh7 Qe7+ 83. Kh6 Qf6+ 84. Kh7 Qe7+ 85. Kg8 Qd8+ 86. Kf7 Qd7+ 87. Kf6 Qd6+ 88. Kf5 Qd5+ 89. Kg4 Qd1+ 90. Kg5 Qd5+ 91. Kh6 Qd6+ 92. Qg6 Qf8+ 93. Kh5 Kb2 94. Kg5 Ka2 95. Qe6+ Ka3 96. h5 Qg7+ 97. Qg6 Qe5+ 98. Qf5 Qg7+ 99. Kh4 Qd4+ 100. Qg4 Qf6+ 101. Kg3 Ka2 102. Qe2+ Ka1 103. Qe1+ Kb2 104. Qd2+ Kb3 105. Qf4 Qg7+ 106. Kh4 Qe7+ 107. Kg4 Qe6+ 108. Qf5 Qc4+ 109. Kg5 Qg8+ 110. Kh4 Qd8+ 111. Qg5 Qd4+ 112. Kh3 Qd7+ 113. Kh2 Ka2 114. h6 Qd6+ 115. Kh3 Qe6+ 116. Kg3 Qd6+ 117. Kh4 Qd4+ 118. Kh5 Qd1+ 119. Kg6 Qd6+ 120. Qf6 Qg3+ 121. Kh7 Qd3+ 122. Kg7 Qd7+ 123. Qf7+ 1-0


[Site "https://www.chess.com"]

[Event "Titled Tuesday Blitz April 25 Late 2023"]
[White "Grigoriants, Sergey"]
[Black "Gritsenko, Nikolai"]
[WhiteFideId "4130804"]
[BlackFideId "14112493"]
[WhiteElo "2502"]
[BlackElo "2389"]
[Result "1-0"]
[Round "08"]
[TimeControl "180+2"]
[Date "2023.04.25"]
[WhiteClock "0:00:05"]
[BlackClock "0:00:01"]

1. d4 g6 2. e4 Bg7 3. Nf3 d6 4. Bc4 Nf6 5. Qe2 c6 6. Bb3 Bg4 7. Nbd2 O-O 8. h3 Bxf3 9. Nxf3 a5 10. c3 a4 11. Bc2 b5 12. O-O e6 13. a3 Nbd7 14. e5 Nd5 15. Re1 Qc7 16. h4 Rab8 17. h5 c5 18. hxg6 hxg6 19. exd6 Qxd6 20. dxc5 Qxc5 21. Ng5 Rbe8 22. Bd2 N7f6 23. Rad1 Nh7 24. Nf3 Rc8 25. Bd3 Rb8 26. Ne5 Nhf6 27. Qf3 Rbd8 28. Bg5 Rd6 29. g3 Rfd8 30. Kg2 Qb6 31. c4 bxc4 32. Nxc4 Qb3 33. Nxd6 Rxd6 34. Be4 Nxe4 35. Rxe4 Bxb2 36. Rb1 Qxf3+ 37. Kxf3 Bxa3 38. Rxa4 Bc5 39. Rc4 Bb6 40. Rc8+ Kg7 41. Bc1 Bd4 42. Bb2 Bxb2 43. Rxb2 Nf6 44. Rb7 Rd3+ 45. Ke2 Rd7 46. Rcc7 Rxc7 47. Rxc7 Nd5 48. Ra7 Kf6 49. Kf3 g5 50. Ke4 Ne7 51. g4 Ng6 52. f3 Ne5 53. Ra5 Ng6 54. Rc5 Nh4 55. Rc3 Ng6 56. Ra3 Nh4 57. Kd4 Ng6 58. Kc5 Ke5 59. Ra4 Nh4 60. Re4+ Kf6 61. Re3 Ng6 62. Kd6 Nf4 63. Ra3 Ng6 64. Kd7 Ne5+ 65. Ke8 Kg6 66. Re3 Kf6 67. Rxe5 Kxe5 68. Kxf7 1-0


[Site "https://www.chess.com"]

[Event "Titled Tuesday Blitz April 25 Late 2023"]
[White "Bronstein, Or"]
[Black "Durarbayli, Vasif"]
[WhiteFideId "2815770"]
[BlackFideId "13402935"]
[WhiteElo "2356"]
[BlackElo "2551"]
[Result "0-1"]
[Round "08"]
[TimeControl "180+2"]
[Date "2023.04.25"]
[WhiteClock "0:00:10"]
[BlackClock "0:00:06"]

1. d4 Nf6 2. c4 e6 3. Nc3 Bb4 4. e3 O-O 5. Bd3 d6 6. Ne2 e5 7. O-O Nc6 8. Nd5 Ba5 9. Qa4 Bb6 10. Nxb6 cxb6 11. d5 e4 12. Bb1 Ne5 13. Ng3 Bd7 14. Qd1 Bg4 15. Qd4 Re8 16. Nxe4 Nxe4 17. Bxe4 f5 18. f4 fxe4 19. fxe5 Rxe5 20. Bd2 Qg5 21. Be1 Qg6 22. Bg3 Re7 23. Rf4 Rae8 24. Raf1 h5 25. Bh4 Rc7 26. b3 Be2 27. R1f2 Bg4 28. Kh1 b5 29. h3 Bc8 30. cxb5 b6 31. Kh2 Rc5 32. b4 Rc1 33. Be7 Rxe7 34. Rf8+ Kh7 35. Rxc8 Rxc8 36. Rf4 Rce8 37. Qd2 Qg5 38. Qf2 Qe5 39. h4 Qxd5 40. Rf5 Re5 41. Rf7 Qe6 42. Qf4 Qg6 43. Rxa7 Rf5 44. Qg3 Qxg3+ 45. Kxg3 Rxb5 46. Rd7 Rxb4 47. Rxd6 Ra4 48. Re6 Rxe6 0-1


[Site "https://www.chess.com"]

[Event "Titled Tuesday Blitz April 25 Late 2023"]
[White "Zhigalko, Sergei"]
[Black "Horton, Andrew P"]
[WhiteFideId "13502956"]
[BlackFideId "424269"]
[WhiteElo "2626"]
[BlackElo "2401"]
[Result "1-0"]
[Round "08"]
[TimeControl "180+2"]
[Date "2023.04.25"]
[WhiteClock "0:00:51"]
[BlackClock "0:01:05"]

1. e4 c6 2. d4 d5 3. e5 Bf5 4. Nf3 e6 5. Be2 Ne7 6. O-O c5 7. dxc5 Nec6 8. Be3 Nd7 9. c4 dxc4 10. Na3 Bxc5 11. Nxc4 O-O 12. Qc1 Bxe3 13. Qxe3 Bg6 14. Rfd1 Qc7 15. Rac1 Rab8 16. h3 Rfd8 17. a3 h6 18. b4 Nb6 19. Nd6 Qd7 20. Bb5 Nd5 21. Qb3 a6 22. Bxc6 bxc6 23. Nd4 Ne7 24. Qa4 Rb6 25. Nc4 Rb5 26. Nxb5 1-0


[Site "https://www.chess.com"]

[Event "Titled Tuesday Blitz April 25 Late 2023"]
[White "Melkumyan, Hrant"]
[Black "Nasuta, Grzegorz"]
[WhiteFideId "13302485"]
[BlackFideId "1141686"]
[WhiteElo "2604"]
[BlackElo "2449"]
[Result "0-1"]
[Round "08"]
[TimeControl "180+2"]
[Date "2023.04.25"]
[WhiteClock "0:00:01"]
[BlackClock "0:00:01"]

1. c4 c6 2. Nc3 d5 3. e3 Nf6 4. Nf3 e6 5. b3 Bd6 6. Bb2 O-O 7. Be2 b6 8. O-O Bb7 9. d4 Nbd7 10. Qc2 Qe7 11. Rad1 Rad8 12. Rfe1 Rfe8 13. Bf1 e5 14. cxd5 e4 15. Nxe4 Qxe4 16. Bd3 Qxd5 17. e4 Qh5 18. e5 Bb4 19. Re2 Nd5 20. Re4 Be7 21. a3 Nf8 22. g4 Qg6 23. h4 Qe6 24. Bc1 c5 25. Ng5 Bxg5 26. Bxg5 Ne7 27. Bc4 Bxe4 28. Qxe4 Qg6 29. Qf3 Ne6 30. d5 Nxg5 31. hxg5 Qxg5 32. d6 Qg6 33. Bd3 Qe6 34. Re1 Rxd6 35. Bc4 Nd5 36. Kg2 Rdd8 37. Rh1 h6 38. Rh5 Qg6 0-1


[Site "https://www.chess.com"]

[Event "Titled Tuesday Blitz April 25 Late 2023"]
[White "Tari, Aryan"]
[Black "Prohaszka, Peter"]
[WhiteFideId "1510045"]
[BlackFideId "726265"]
[WhiteElo "2561"]
[BlackElo "2626"]
[Result "1-0"]
[Round "08"]
[TimeControl "180+2"]
[Date "2023.04.25"]
[WhiteClock "0:00:05"]
[BlackClock "0:00:12"]

1. e4 c6 2. d4 d5 3. Nd2 dxe4 4. Nxe4 Nf6 5. Qd3 Nxe4 6. Qxe4 Nd7 7. Nf3 Nf6 8. Qd3 g6 9. Be2 Bg7 10. O-O O-O 11. Re1 b6 12. Ne5 Bb7 13. Bf3 Qc8 14. Qa3 Re8 15. Qa4 c5 16. Bxb7 Qxb7 17. dxc5 bxc5 18. Qb3 Qd5 19. c4 Qd6 20. Bf4 Nh5 21. Rad1 Qb6 22. Bc1 Qxb3 23. axb3 Bxe5 24. Rxe5 Rab8 25. Rd3 Red8 26. Rxd8+ Rxd8 27. Kf1 Rd1+ 28. Re1 Rxe1+ 29. Kxe1 Nf6 30. Be3 Nd7 31. b4 cxb4 32. Bxa7 Ne5 33. c5 Nc6 34. Bb6 f5 35. Kd2 Kf7 36. Kd3 Ke6 37. Kc4 Kd7 38. f4 e6 39. g3 h6 40. Kb5 g5 41. Kc4 g4 42. Kd3 h5 43. Kc4 Kc8 44. b3 Kb8 45. Kb5 Kb7 46. Ba5 Nd4+ 47. Kc4 Nf3 48. Bxb4 Kc6 49. Bc3 Nxh2 50. b4 h4 51. b5+ Kd7 52. c6+ Kd6 53. Be5+ Ke7 54. c7 Kd7 55. b6 Kc8 56. Kc5 Kb7 57. Kd6 Nf3 58. Kd7 Nxe5+ 59. fxe5 hxg3 60. c8=Q+ Kxb6 61. Qc6+ Ka5 62. Kd6 Kb4 63. Qc5+ Kb3 64. Qe3+ Kc4 65. Qxg3 Kd4 66. Kxe6 Ke4 67. Kf6 f4 68. Qxg4 Ke3 69. e6 f3 70. e7 Kf2 71. e8=Q Kf1 72. Qee4 f2 73. Qd1# 1-0


[Site "https://www.chess.com"]

[Event "Titled Tuesday Blitz April 25 Late 2023"]
[White "Donchenko, Alexander"]
[Black "Adla, Diego"]
[WhiteFideId "24603295"]
[BlackFideId "100072"]
[WhiteElo "2542"]
[BlackElo "2377"]
[Result "1-0"]
[Round "08"]
[TimeControl "180+2"]
[Date "2023.04.25"]
[WhiteClock "0:00:19"]
[BlackClock "0:00:04"]

1. Nf3 d5 2. g3 Nd7 3. d4 Nb6 4. Bg2 Bf5 5. a4 a5 6. O-O e6 7. b3 Be7 8. c4 c6 9. Ba3 Nf6 10. Bxe7 Qxe7 11. c5 Nbd7 12. b4 axb4 13. Qb3 Ne4 14. Qxb4 Ndf6 15. Nbd2 Nxd2 16. Nxd2 O-O 17. Ra3 e5 18. dxe5 Qxe5 19. Qxb7 Qxe2 20. Nf3 Bd7 21. a5 Rfb8 22. Qc7 Qb2 23. Rfa1 h6 24. a6 Ne4 25. Qxd7 Qxf2+ 26. Kh1 Qxc5 27. R3a2 Rxa6 28. Ne5 Rxa2 29. Qxf7+ Kh8 30. Rxa2 Qe3 31. Qf1 Nxg3+ 32. hxg3 Qxg3 33. Nf3 Re8 34. Qf2 Qxf2 35. Rxf2 c5 36. Rc2 Rc8 37. Ne5 d4 38. Rc4 Re8 39. Nd3 Re3 40. Nxc5 d3 41. Rd4 Re1+ 42. Kh2 Rc1 43. Nxd3 Rd1 44. Rd8+ Kh7 45. Be4+ g6 46. Rd7+ Kg8 47. Bxg6 Rd2+ 48. Kg3 Kf8 49. Kg4 Rg2+ 50. Kf5 Rg1 51. Kf6 Rf1+ 52. Bf5 Re1 53. Ne5 1-0


[Site "https://www.chess.com"]

[Event "Titled Tuesday Blitz April 25 Late 2023"]
[White "Rozen, Eytan"]
[Black "Makaraci, Tunahan"]
[WhiteFideId "2816750"]
[BlackFideId "6356559"]
[WhiteElo "2451"]
[BlackElo "2160"]
[Result "1-0"]
[Round "08"]
[TimeControl "180+2"]
[Date "2023.04.25"]
[WhiteClock "0:00:03"]
[BlackClock "0:00:04"]

1. d4 d5 2. c4 e6 3. Nc3 c5 4. Nf3 cxd4 5. Nxd4 e5 6. Ndb5 a6 7. Qa4 Bd7 8. e4 dxc4 9. Bxc4 axb5 10. Bxf7+ Kxf7 11. Qxa8 Bc6 12. O-O Bc5 13. Be3 Bxe3 14. fxe3+ Nf6 15. Nd5 Bxd5 16. exd5 Qxd5 17. Rac1 Re8 18. Rc7+ Nd7 19. Qxb7 Qxb7 20. Rxb7 Ke6 21. Rxb5 Rc8 22. a4 Ne4 23. a5 Ndc5 24. Rc1 Rd8 25. b4 Nd3 26. Rb6+ Kd5 27. Rc7 Nd2 28. a6 Rf8 29. h4 Rf1+ 30. Kh2 Ne4 31. Rd7+ Kc4 32. Rc6+ Kb5 33. a7 Ndf2 34. Rc5+ Kxb4 35. g4 Rh1+ 36. Kg2 Ra1 37. Rc8 Nxg4 38. Rb8+ Kc4 39. Rc7+ Kd3 40. a8=Q Rxa8 41. Rd7+ Kxe3 42. Rxa8 Kf4 43. Ra4 Ne3+ 44. Kh2 Nf5 45. Rf7 g6 46. Rxh7 Nd4 47. Rf7+ Nf5 48. Rd7 Nd4 49. Re7 Nf5 50. Rc7 Nd4 51. Ra6 Nf5 52. Rxg6 Nd2 53. Rg8 Nf3+ 54. Kh3 e4 55. Ra7 N3d4 56. Ra3 e3 57. Re8 e2 58. Kg2 Ne3+ 59. Kf2 Nec2 60. Rc3 e1=Q+ 61. Rxe1 Nxe1 62. Kxe1 Nf3+ 63. Rxf3+ Kg4 64. Rh3 1-0


[Site "https://www.chess.com"]

[Event "Titled Tuesday Blitz April 25 Late 2023"]
[White "Piesik, Piotr"]
[Black "Djordjevic, Vuk"]
[WhiteFideId "1136194"]
[BlackFideId "902098"]
[WhiteElo "2299"]
[BlackElo "2452"]
[Result "1-0"]
[Round "08"]
[TimeControl "180+2"]
[Date "2023.04.25"]
[WhiteClock "0:00:46"]
[BlackClock "0:00:02"]

1. Nf3 Nf6 2. g3 e6 3. Bg2 d5 4. O-O Be7 5. d3 O-O 6. Nbd2 c5 7. e4 Nc6 8. Re1 b5 9. e5 Nd7 10. Nf1 a5 11. h4 b4 12. h5 h6 13. g4 a4 14. a3 bxa3 15. bxa3 f6 16. exf6 Bxf6 17. Rb1 Nde5 18. Nxe5 Bxe5 19. c4 Qd6 20. Rb6 Bd4 21. Be3 Bd7 22. Bxd4 cxd4 23. Ng3 Rac8 24. Qxa4 Qf4 25. Qc2 Ne5 26. Qe2 Nxd3 27. Qxd3 Qxf2+ 28. Kh2 Qxe1 29. cxd5 e5 30. Rxh6 Qe3 31. Qh7+ Kf7 32. Rg6 Rg8 33. h6 Rc3 34. Rxg7+ Rxg7 35. Qxg7+ Ke8 36. Nh5 1-0


[Site "https://www.chess.com"]

[Event "Titled Tuesday Blitz April 25 Late 2023"]
[White "Rustemov, Alexander"]
[Black "Schnaider, Ilan"]
[WhiteFideId "4119002"]
[BlackFideId "169013"]
[WhiteElo "2525"]
[BlackElo "2224"]
[Result "1-0"]
[Round "08"]
[TimeControl "180+2"]
[Date "2023.04.25"]
[WhiteClock "0:00:39"]
[BlackClock "0:00:05"]

1. d4 Nf6 2. c4 g6 3. Nf3 Bg7 4. g3 O-O 5. Bg2 d5 6. cxd5 Nxd5 7. O-O Nc6 8. Nc3 e5 9. Bg5 Nxc3 10. bxc3 f6 11. Be3 e4 12. Nd2 f5 13. f3 exf3 14. Bxf3 Re8 15. Bf2 Be6 16. Rb1 Bd5 17. Rxb7 Bxf3 18. exf3 Na5 19. Rb5 c6 20. Rc5 Bf8 21. Re5 Rxe5 22. dxe5 Qd5 23. Nb3 Qxe5 24. Bd4 Qd5 25. Nxa5 Qxa5 26. Qe2 Qd5 27. Re1 Bc5 28. Bxc5 Qxc5+ 29. Kg2 Qxc3 30. Qe6+ Kh8 31. Re3 Qb2+ 32. Re2 Qc3 33. Qd7 f4 34. gxf4 Rf8 35. Re7 Qc2+ 36. Kg3 Qb2 37. Rxh7+ Kg8 38. Re7 Qf6 39. Qe6+ Qxe6 40. Rxe6 Rc8 41. Rxg6+ Kf7 42. Rg5 c5 43. Kf2 c4 44. Ke2 Rb8 45. Ra5 Rb2+ 46. Ke3 Rxh2 47. Rxa7+ Ke6 48. Ra6+ Kd5 49. Ra5+ Kc6 50. Kd4 Rh4 51. Rf5 Rh2 52. a4 Ra2 53. Rc5+ Kd6 54. Rxc4 Ra3 55. Ke4 Ke6 56. f5+ Kf6 57. Rc6+ Kf7 58. Ra6 Ra2 59. Kf4 Ra3 60. a5 Ra4+ 61. Kg5 Ke7 62. Ra7+ Kd6 63. f6 Ra2 64. f7 Rg2+ 65. Kf6 Rg8 66. fxg8=Q 1-0


[Site "https://www.chess.com"]

[Event "Titled Tuesday Blitz April 25 Late 2023"]
[White "Goltsev, Dmitry"]
[Black "Ismagilov, Damir"]
[WhiteFideId "24176710"]
[BlackFideId "34199982"]
[WhiteElo "2336"]
[BlackElo "2078"]
[Result "0-1"]
[Round "08"]
[TimeControl "180+2"]
[Date "2023.04.25"]
[WhiteClock "0:00:15"]
[BlackClock "0:00:07"]

1. e4 e6 2. d4 d5 3. exd5 exd5 4. Nf3 Bd6 5. c4 Nf6 6. Nc3 O-O 7. Be2 dxc4 8. Bxc4 Bg4 9. O-O Nbd7 10. Bg5 h6 11. Bh4 c6 12. Qd3 Qa5 13. h3 Bf5 14. Qd2 Rfe8 15. Rfe1 Qc7 16. Rxe8+ Rxe8 17. Re1 Rxe1+ 18. Qxe1 g5 19. Bxg5 hxg5 20. Nxg5 Bg6 21. g3 Nb6 22. Bb3 Qe7 23. Qd2 Nbd5 24. Nf3 Nxc3 25. bxc3 Kg7 26. Nh4 Qe4 27. Qg5 Be7 28. Qe5 Qxe5 29. dxe5 Nd7 30. Nxg6 fxg6 31. f4 Nc5 32. Bc2 b5 33. g4 Bh4 34. f5 gxf5 35. gxf5 Nd7 36. e6 Ne5 37. Be4 Kf6 38. Kf1 Bg5 39. Ke2 a5 40. Kf2 Bd2 41. h4 Bxc3 42. Ke3 Bb2 43. h5 c5 44. Kd2 Ng4 45. Kc2 Be5 46. Bc6 b4 47. Kb3 Ne3 48. h6 c4+ 49. Ka4 Ke7 50. Be4 c3 51. Kxa5 c2 52. Bxc2 Nxc2 53. h7 Nd4 54. Kxb4 Nxf5 55. a4 Kxe6 56. Kb5 Kd7 57. a5 Kc7 58. Kc5 Bh8 59. Kd5 Nh4 60. Ke6 Bc3 61. Kf7 Kb7 62. Kg8 Ng6 63. Kf7 Nh8+ 64. Ke6 Ka6 65. Kd5 Kxa5 66. Kc4 Ba1 67. Kd5 Kb5 68. Ke6 Kc6 69. Kf5 Kd7 70. Ke4 Ke7 71. Kd5 Kf7 72. Kc6 Kg7 73. Kd5 Kxh7 74. Ke4 Kg6 75. Kd5 Bg7 76. Ke6 Nf7 77. Kd5 Kf5 78. Kc4 Ke4 79. Kc5 Ne5 80. Kd6 Bf8+ 81. Kc7 Kd5 82. Kb6 Ba3 83. Kc7 Bc5 84. Kb7 Kd6 85. Kc8 Kc6 86. Kb8 Bb6 87. Ka8 Ba5 88. Ka7 Nf7 89. Ka6 Bc3 90. Ka7 Nd6 91. Ka8 Nb5 92. Kb8 Bd4 93. Ka8 Nc7+ 94. Kb8 Bc5 95. Kc8 Ba7 96. Kd8 Nd5 97. Ke8 Kd6 98. Kf7 Ne7 99. Kf6 Be3 100. Kf7 Bg5 101. Ke8 Ke6 102. Kd8 Bf4 103. Ke8 Nf5 104. Kd8 Ne7 105. Ke8 Bc7 106. Kf8 Nf5 107. Ke8 Ng7+ 108. Kf8 Kf6 109. Kg8 Kg6 110. Kh8 Bd6 111. Kg8 Nf5 112. Kh8 Bc5 113. Kg8 Nh6+ 114. Kh8 Bd4# 0-1


[Site "https://www.chess.com"]

[Event "Titled Tuesday Blitz April 25 Late 2023"]
[White "Weetik, Vjacheslav"]
[Black "Mortazavi, Ali"]
[WhiteFideId "4153472"]
[BlackFideId "401323"]
[WhiteElo "2469"]
[BlackElo "2339"]
[Result "1-0"]
[Round "08"]
[TimeControl "180+2"]
[Date "2023.04.25"]
[WhiteClock "0:00:02"]
[BlackClock "0:00:02"]

1. d4 Nf6 2. Bf4 g6 3. Nf3 Bg7 4. e3 O-O 5. h3 d6 6. Be2 c5 7. Nbd2 Be6 8. dxc5 dxc5 9. c3 Nc6 10. Qc2 Qc8 11. O-O h6 12. Rfd1 Rd8 13. Bc4 Na5 14. Bf1 a6 15. e4 b5 16. a4 c4 17. axb5 axb5 18. Nd4 Bd7 19. N2f3 Qb7 20. Re1 e6 21. Be5 Nc6 22. Rxa8 Rxa8 23. Nxc6 Bxc6 24. Nd4 Bxe4 25. Qc1 Kh7 26. Qf4 Bf5 27. g4 Nd5 28. Qg3 Bd3 29. Bxd3 cxd3 30. Bxg7 d2 31. Rd1 Kxg7 32. Qe5+ Kh7 33. Nf3 b4 34. c4 Nb6 35. Qf4 Rd8 36. b3 Rd3 37. Ne5 Rxh3 38. f3 Kg7 39. Rxd2 Qa7 40. Kg2 Rh4 41. Rd7 1-0


[Site "https://www.chess.com"]

[Event "Titled Tuesday Blitz April 25 Late 2023"]
[White "Roebers, Eline"]
[Black "Andreikin, Dmitry"]
[WhiteFideId "1058401"]
[BlackFideId "4158814"]
[WhiteElo "2356"]
[BlackElo "2736"]
[Result "0-1"]
[Round "08"]
[TimeControl "180+2"]
[Date "2023.04.25"]
[WhiteClock "0:00:02"]
[BlackClock "0:00:35"]

1. e4 c5 2. Nf3 Nc6 3. d4 cxd4 4. Nxd4 Qb6 5. Nb3 e6 6. Nc3 Nf6 7. Bf4 Bb4 8. Qd3 O-O 9. Be2 d5 10. exd5 Nxd5 11. Bd2 Rd8 12. Qg3 Bd6 13. Nxd5 exd5 14. Qf3 Ne5 15. Qe3 d4 16. Qxd4 Qc7 17. O-O-O Bf5 18. Bc3 Nd3+ 19. Rxd3 Bf4+ 20. Kb1 Rxd4 21. Rxd4 Be5 22. Rc4 Qe7 23. Bb4 Qf6 24. Ba3 Be6 25. Re4 Bd5 26. Re3 Bxg2 27. Rd1 Bxh2 28. Bc4 b5 29. Bxb5 h5 30. Bc4 h4 31. Re7 h3 32. Rdd7 Rf8 33. Re1 Qxf2 34. Red1 Be4 35. Bc5 Qxc2+ 36. Ka1 Qxc4 0-1


[Site "https://www.chess.com"]

[Event "Titled Tuesday Blitz April 25 Late 2023"]
[White "Hambleton, Aman"]
[Black "Spata, German"]
[WhiteFideId "2606577"]
[BlackFideId "113026"]
[WhiteElo "2511"]
[BlackElo "2238"]
[Result "1-0"]
[Round "08"]
[TimeControl "180+2"]
[Date "2023.04.25"]
[WhiteClock "0:00:02"]
[BlackClock "0:00:03"]

1. d4 Nf6 2. Bf4 g6 3. e3 Bg7 4. h3 O-O 5. Nf3 d6 6. c3 b6 7. Bh2 Bb7 8. a4 a6 9. Bd3 Nbd7 10. O-O Re8 11. Re1 e5 12. Be2 Qe7 13. Na3 Ne4 14. Bf1 f5 15. Nd2 Nxd2 16. Qxd2 Nf6 17. Rad1 e4 18. a5 b5 19. c4 c6 20. cxb5 cxb5 21. Nc2 Nd5 22. Nb4 Nxb4 23. Qxb4 d5 24. Qxe7 Rxe7 25. Rc1 Bf8 26. Bd6 Rd7 27. Bxf8 Kxf8 28. Rc5 Ke7 29. f4 Rc8 30. Rxc8 Bxc8 31. Rc1 Bb7 32. g4 Kd8 33. gxf5 gxf5 34. Kf2 Rc7 35. Rxc7 Kxc7 36. Kg3 Kd6 37. Kh4 Ke6 38. Kg5 Bc6 39. h4 h6+ 40. Kxh6 Kf6 41. Be2 Bd7 42. Kh7 Be6 43. h5 Kf7 44. Kh8 Kf6 45. h6 Kf7 46. h7 Kf8 47. Bf1 Bd7 48. Bh3 Be6 49. Bg2 Bd7 50. Bf1 Be6 51. Be2 Bd7 52. Bh5 Be6 53. Be8 Bc8 54. Bc6 1-0


[Site "https://www.chess.com"]

[Event "Titled Tuesday Blitz April 25 Late 2023"]
[White "Holt, Conrad"]
[Black "Shivakumar, Shawnak"]
[WhiteFideId "2034387"]
[BlackFideId "30940192"]
[WhiteElo "2592"]
[BlackElo "2089"]
[Result "1-0"]
[Round "08"]
[TimeControl "180+2"]
[Date "2023.04.25"]
[WhiteClock "0:02:24"]
[BlackClock "0:02:30"]

1. d4 d5 2. c4 c6 3. Nc3 Nf6 4. e3 e6 5. Bd3 Nbd7 6. e4 dxe4 7. Nxe4 e5 8. Nf3 Bb4+ 9. Bd2 Bxd2+ 10. Qxd2 Nxe4 11. Bxe4 Nf6 12. Bc2 exd4 13. O-O-O O-O 14. Nxd4 Qa5 15. Qxa5 1-0


[Site "https://www.chess.com"]